 Dungeon Crawl Stone Soup version 0.30-a0-49-g1cef19eb02 (webtiles) character file.

Game seed: 14282848420241705741

478 drugrobin the Cutter (level 6, -1/44 (50) HPs)
             Began as a Demigod Delver on Sept 3, 2022.
             Slain by a wight
             ... wielding a +4 falchion
              (8 damage)
             ... on level 5 of the Dungeon.
             The game lasted 00:12:56 (3840 turns).

drugrobin the Cutter (Demigod Delver)               Turns: 3840, Time: 00:12:56

HP:   -1/44 (50)    AC:  7    Str: 17    XL:     6   Next: 55%
MP:   8/8           EV: 10    Int: 16    God:
Gold: 173           SH:  0    Dex: 21    Spells: 5/5 levels left

rFire   . . .      SeeInvis .    a - +0 short sword
rCold   . . .      Faith    .    (no shield)
rNeg    . . .      Spirit   .    n - +0 scale mail
rPois   +          Reflect  .    (no helmet)
rElec   .          Harm     .    j - +0 cloak
rCorr   .          Rampage  .    (no gloves)
Will    .....                    (no boots)
Stlth   ++........               k - amulet of regeneration
HPRegen 0.94/turn                w - +6 ring of dexterity
MPRegen 0.11/turn                x - ring of poison resistance

@: heavily drained
A: high MP 1, forlorn, divine attributes
a: no special abilities


You were on level 5 of the Dungeon.
You visited 1 branch of the dungeon, and saw 6 of its levels.

You collected 251 gold pieces.
You spent 78 gold pieces at shops.

Inventory:

Hand Weapons
 a - a +0 short sword (weapon)
 b - a +2 flail of venom
Armour
 j - a +0 cloak (worn)
 m - a +0 ring mail
 n - a +0 scale mail (worn)
 A - a +0 leather armour
Jewellery
 k - an amulet of regeneration (around neck)
 w - a +6 ring of dexterity (left hand)
 x - a ring of poison resistance (right hand)
Wands
 g - a wand of digging (1)
 v - a wand of charming (10)
 y - a wand of flame (5)
Scrolls
 c - a scroll of fog
 d - 7 scrolls of identify {unknown}
 e - a scroll of summoning {unknown}
 l - a scroll of teleportation {unknown}
 z - a scroll of silence {unknown}
Potions
 f - a potion of haste
 h - a potion of flight {unknown}
 i - a potion of heal wounds {unknown}
 o - a potion of magic {unknown}
 p - 3 potions of lignification {unknown}
 q - a potion of invisibility {unknown}
 r - a potion of attraction {unknown}
 s - a potion of brilliance {unknown}
 t - 2 potions of curing {unknown}
 u - a potion of berserk rage
 B - a potion of ambrosia {unknown}


   Skills:
 - Level 2.6 Fighting
 + Level 5.5 Short Blades
 - Level 1.7 Dodging
 - Level 4.5 Stealth
 + Level 3.6 Evocations


You had 5 spell levels left.
You didn't know any spells.
Your spell library contained the following spells:

 Spells                   Type           Power      Damage    Failure   Level
 Static Discharge         Conj/Air       0%         3-3/arc   80%         2
 Gell's Gravitas          Tloc           0%         N/A       95%         3
 Lesser Beckoning         Tloc           0%         N/A       95%         3
 Teleport Other           Tloc           0%         N/A       95%         3
 Passage of Golubria      Tloc           0%         N/A       100%        4
 Lightning Bolt           Conj/Air       0%         1d11      100%        5
 Silence                  Hex/Air        0%         N/A       100%        5
 Lehudib's Crystal Spear  Conj/Erth      0%         10d2      100%        8
 Maxwell's Capacitive Co  Air            0%         ∞         100%        8


Dungeon Overview and Level Annotations

Branches:
Dungeon (6/15)
 Temple: D:4-7

Shops:
D:2 !   D:3 (

Annotations:
D:4 exclusion: ogre


Innate Abilities, Weirdness & Mutations

You have an increased reservoir of magic. (+10% MP)
You shall have no god before yourself.
Your divine heritage dramatically boosts your attributes as you level up.


Message History

Unknown command.
The wight hits you with a +4 falchion!
You climb upwards.
There is a stone staircase leading down here.
Unknown command.
You hit the wight but do no damage.
The wight is moderately damaged.
The wight hits you with a +4 falchion!
You feel drained.
You hit the wight but do no damage.
The wight is moderately damaged.
The wight hits you with a +4 falchion.
You feel drained.
Aiming: Throw Flame
Press: ? - help, Shift-Dir - straight line, f - wight
Aim: a wight, wielding a +4 falchion and wearing a +0 robe (moderately damaged, 71% to hit)
The puff of flame hits the wight.
The wight is moderately damaged.
The wight hits you with a +4 falchion!
You feel drained.
Aiming: Throw Flame
Press: ? - help, Shift-Dir - straight line, f/p - wight
Aim: a wight, wielding a +4 falchion and wearing a +0 robe (moderately damaged, 71% to hit)
The puff of flame hits the wight.
The wight is severely damaged.
The wight hits you with a +4 falchion.
* * * LOW HITPOINT WARNING * * *
You feel drained.
* * * LOW HITPOINT WARNING * * *
Aiming: Throw Flame
Press: ? - help, Shift-Dir - straight line, f/p - wight
Aim: a wight, wielding a +4 falchion and wearing a +0 robe (severely damaged, 71% to hit)
The puff of flame misses the wight.
The wight hits you with a +4 falchion!
* * * LOW HITPOINT WARNING * * *
Unknown command.
Unknown command.
Aiming: Throw Flame
Press: ? - help, Shift-Dir - straight line, f/p - wight
Aim: a wight, wielding a +4 falchion and wearing a +0 robe (severely damaged, 71% to hit)
The puff of flame hits the wight but does no damage.
The wight is severely damaged.
The wight hits you with a +4 falchion!
You die...

##################
.....).))......z@#
.##########..#####
.# ####....#### .#
##....##....#
#####..########.#
..#...#########.#
....##..........#
...###.##########
...#
#÷#############


You could see a wight.

Vanquished Creatures
  A human (D:5)
  A scorpion (D:5)
  A hound (D:3)
  A jelly (D:6)
  Natasha (D:4)
  An iguana (D:5)
  An orc wizard (D:4)
  An adder (D:5)
  4 gnolls
  A worm (D:2)
  2 dart slugs
  8 orcs
  8 endoplasms
  2 giant cockroaches
  12 goblins
  6 hobgoblins
  7 jackals
  A quokka (D:1)
  7 ball pythons
  10 bats
  3 frilled lizards (D:2)
  2 jackal zombies (D:5)
  5 kobolds
  A kobold zombie (D:5)
  A rat (D:1)
88 creatures vanquished.

Vanquished Creatures (others)
  A lemure (D:4)
  A gnoll bouda (D:5)
  An iguana (D:5)
  2 adders (D:5)
5 creatures vanquished.

Grand Total: 93 creatures vanquished

Notes
Turn   | Place    | Note
-------+----------+-------------------------------------------
     0 | D:5      | drugrobin the Demigod Delver began the quest for the Orb.
     0 | D:5      | Reached XP level 1. HP: 18/18 MP: 3/3
    55 | D:5      | Found a runed translucent door.
    55 | D:5      | Noticed a human
    76 | D:5      | Noticed a hound
    86 | D:5      | Reached skill level 2 in Short Blades
    93 | D:5      | Noticed an iguana
   143 | D:5      | Noticed an iguana
   191 | D:4      | Noticed Natasha
   324 | D:4      | Noticed a hound
   341 | D:4      | Noticed a necrophage
   363 | D:4      | Reached XP level 2. HP: 19/25 MP: 4/4
   638 | D:2      | Reached skill level 3 in Short Blades
   909 | D:1      | Reached XP level 3. HP: 30/30 MP: 5/5
  1622 | D:2      | Identified the +0 robe "Focvasia" {Harm}
  1716 | D:2      | Found Zeida's Distillery.
  1742 | D:2      | Bought a potion of berserk rage for 65 gold pieces
  1742 | D:2      | Bought a potion of degeneration for 13 gold pieces
  2167 | D:3      | Found Hisueram's Weapon Shoppe.
  2231 | D:3      | Reached skill level 4 in Short Blades
  2231 | D:3      | Reached skill level 1 in Evocations
  2231 | D:3      | Reached XP level 4. HP: 37/37 MP: 6/6
  2738 | D:4      | Noticed an ogre
  2806 | D:4      | Noticed a lemure
  2917 | D:4      | Noticed a lemure
  2919 | D:4      | Noticed a lemure
  2956 | D:4      | Killed Natasha
  2957 | D:4      | Reached XP level 5. HP: 34/42 MP: 7/7
  3197 | D:5      | Reached skill level 5 in Short Blades
  3242 | D:5      | HP: 1/42 [gnoll/+0 halberd[a gnoll bouda] (10)]
  3566 | D:5      | Killed a human
  3567 | D:5      | Reached XP level 6. HP: 31/50 MP: 8/8
  3840 | D:5      | Slain by a wight

Illustrated notes

Levels and vault maps discovered:
D:1:      matt_arrival_refuge, layout_basic, minmay_misc_feat_more_columns
D:2:      layout_rooms, serial_shops, shop_fountains,
          hellmonk_ecumenical_altar_arch_garden, chequers_avenue
D:3:      layout_basic, serial_shops, shop_fountains
D:4:      layout_rooms, mainiacjoe_overflow_boulevard, marbit_many_paths,
          kennysheep_generic_room_8, uniq_natasha, uniq_sigmund, uniq_pikel
D:5:      layout_basic, dk_yredelemnul_ordeal, amethyst_overflow_temple_binary
D:6:      layout_gridville

Skill      XL: |  1  2  3  4  5 |
---------------+----------------+-----
Short Blades   | 2 3 4 5 |  5.5
Evocations     | 1 3 |  3.6
Fighting       | |  2.6
Dodging        | |  1.7
Stealth        | |  4.5

Action                   |  1- 3 |  4- 6 || total
-------------------------+-------+-------++-------
Melee: Short sword       |   263 |   174 ||   437
       Punch             |     2 |     5 ||     7
       Flail             |       |     2 ||     2
Evoke: Wand              |     1 |    18 ||    19
  Use: Scroll            |     2 |       ||     2
 Stab: Sleeping          |     5 |     3 ||     8
Armor: Leather armour    |    29 |     2 ||    31
       Ring mail         |     8 |       ||     8
       Scale mail        |    70 |    46 ||   116
Dodge: Dodged            |   178 |    56 ||   234

Table legend: (Time is in decaauts)
 A = Elapsed time spent in this place.
 B = Non-inter-level travel time spent in this place.
 C = Inter-level travel time spent in this place.
 D = Time resting spent in this place.
 E = Time spent auto-exploring this place.
 F = Levels seen in this place.
 G = Mean time per level.
                   A        B        C        D        E       F      G
               +--------+--------+--------+--------+--------+-----+--------+
         Total |   3797 |   3672 |    125 |    224 |   1920 |   6 |  632.8 |
       Dungeon |   3797 |   3672 |    125 |    224 |   1920 |   6 |  632.8 |
               +--------+--------+--------+--------+--------+-----+--------+

Top non-repeatable levels by time:
     D:1: 922 daAuts
     D:3: 901 daAuts
     D:5: 789 daAuts
     D:2: 516 daAuts
     D:4: 443 daAuts
     D:6: 224 daAuts
